 Dungeon Crawl Stone Soup version 0.27.0-1-g7a089689b8 (webtiles) character file.

Game seed: 15863338611327235801

29605 gimp the Thaumaturge (level 13, 0/94 HPs)
             Began as a Naga Earth Elementalist on Aug 5, 2021.
             Was a High Priest of Vehumet.
             Slain by a seven-headed hydra (12 damage)
             ... on level 3 of the Lair of Beasts.
             The game lasted 00:37:56 (18475 turns).

gimp the Thaumaturge (Naga Earth Elementalist)     Turns: 18475, Time: 00:37:56

Health: 0/94       AC: 19    Str: 14    XL:     13   Next: 46%
Magic:  2/27       EV:  8    Int: 19    God:    Vehumet [*****.]
Gold:   377        SH:  0    Dex: 20    Spells: 3/33 levels left

rFire    . . .     SeeInvis +   a - +7 dagger (venom)
rCold    + . .     Faith    .   (no shield)
rNeg     . . .     Spirit   .   n - +2 leather armour {Will+}
rPois    +         Reflect  .   (no helmet)
rElec    .         Harm     .   (no cloak)
rCorr    +         Rampage  .   B - +1 pair of gloves
Will     ++...                  E - +6 barding "Haefayf" {+Blink Regen+ Str+4 Stlth-}
Stlth    +++.......             M - amulet of regeneration
HPRegen  2.25/turn              x - ring of resist corrosion
MPRegen  0.20/turn              z - ring of Ucuar {rPois rC+ Dex+6}

@: frozen, very slow
A: AC +4, large, see invisible, deformed body, poison resistance, slowness 2,
spit poison 1, naga tail 2
a: Spit Poison, Renounce Religion, Evoke Blink


You were on level 3 of the Lair of Beasts.
You worshipped Vehumet.
Vehumet was extremely pleased with you.
You visited 3 branches of the dungeon, and saw 16 of its levels.
You also visited: Gauntlet.

You collected 949 gold pieces.
You spent 572 gold pieces at shops.

Inventory:

Hand Weapons
 a - a +7 dagger of venom (weapon)
 b - the +9 rapier "Potyby" {vorpal, Will++}
   (You found it on level 6 of the Dungeon)

   It inflicts extra damage upon your enemies.
   Will:      It greatly increases your willpower.
 s - a +1 scimitar of flaming
Missiles
 c - 326 stones
 l - 2 throwing nets
 F - 2 curare-tipped darts
Armour
 n - a +2 leather armour of willpower (worn)
 B - a +1 pair of gloves (worn)
 E - the +6 barding "Haefayf" (worn) {+Blink Regen+ Str+4 Stlth-}
   (You acquired it on level 9 of the Dungeon)

   Str:       It affects your strength (+4).
   +Blink:    It lets you blink.
   Regen:     It increases your rate of health regeneration.
   Stlth:     It makes you less stealthy.
Magical Staves
 j - a staff of fire
 L - a staff of conjuration
Jewellery
 x - a ring of resist corrosion (left hand)
 z - the ring of Ucuar (right hand) {rPois rC+ Dex+6}
   (You found it in a Gauntlet)

   [ring of dexterity]

   Dex:       It affects your dexterity (+6).
   rC:        It protects you from cold.
   rPois:     It protects you from poison.
 G - a ring of fire
 J - a ring of ice
 M - an amulet of regeneration (around neck)
Wands
 p - a wand of flame (95)
 r - a wand of acid (8)
 u - a wand of mindburst (33)
 w - a wand of iceblast (7)
 C - a wand of digging (4)
Scrolls
 d - 2 scrolls of blinking
 i - 9 scrolls of teleportation
 t - 3 scrolls of torment
 v - 2 scrolls of enchant weapon
 y - a scroll of vulnerability
 A - 6 scrolls of amnesia
 H - a scroll of summoning
 K - 2 scrolls of enchant armour
Potions
 e - a potion of magic
 f - a potion of might
 g - a potion of flight
 h - 3 potions of mutation
 k - 5 potions of haste
 m - a potion of brilliance
 o - 4 potions of resistance
 q - a potion of curing
 D - a potion of invisibility {unknown}
 I - a potion of berserk rage {unknown}
 N - a potion of heal wounds


   Skills:
 * Level 9.5 Short Blades
 - Level 1.5 Dodging
 + Level 8.7 Stealth
 + Level 10.9 Spellcasting
 + Level 10.5 Conjurations
 - Level 8.0 Transmutations
 * Level 5.9 Fire Magic
 - Level 8.0 Earth Magic


You had 3 spell levels left.
You knew the following spells:

 Your Spells              Type           Power      Damage    Failure   Level
a - Stone Arrow           Conj/Erth      90%        3d12      1%          3
b - Sandblast             Erth           80%        2d17      1%          1
c - Searing Ray           Conj           100%       3d7       1%          2
d - Passwall              Tmut/Erth      33%        N/A       1%          2
e - Petrify               Tmut/Erth      40%        N/A       3%          4
f - Fireball              Conj/Fire      20%        3d10      2%          5
g - Iskenderun's Mystic   Conj/Tloc      30%        2d8       2%          4
h - Spider Form           Tmut/Pois      12%        N/A       4%          3
i - Starburst             Conj/Fire      20%        8x6d7     12%         6

Your spell library contained the following spells:

 Spells                   Type           Power      Damage    Failure   Level
 Eringya's Noxious Bog    Tmut/Pois      12%        N/A       52%         6
 Beastly Appendage        Tmut           80%        N/A       1%          1
 Magic Dart               Conj           100%       1d8       1%          1
 Wereblood                Tmut           40%        N/A       1%          2
 Slow                     Hex            10%        N/A       13%         2
 Sublimation of Blood     Necr           5%         N/A       13%         2
 Confusing Touch          Hex            10%        N/A       26%         3
 Irradiate                Conj/Tmut      22%        3d20      1%          5
 Fulminant Prism          Conj/Hex       15%        3d11      2%          4
 Lee's Rapid Deconstruct  Erth           20%        3d13*     2%          5
 Yara's Violent Unravell  Hex/Tmut       12%        3d7       13%         5
 Freezing Cloud           Conj/Ice/Air   11%        6-21      16%         5
 Animate Dead             Necr           5%         N/A       65%         4
 Simulacrum               Ice/Necr       5%         N/A       100%        6
 Haunt                    Necr/Summ      5%         N/A       100%        7
 Ignition                 Fire           16%        3d7       100%        8
 Infestation              Necr           5%         N/A       100%        8
 Polar Vortex             Ice            5%         N/A       100%        9


Dungeon Overview and Level Annotations

Branches:
Dungeon (12/15)            Temple (1/1) D:6            Lair (3/6) D:10
Gauntlet (visited)
  Swamp: Lair:2-4    Shoals: Lair:2-4     Snake: Lair:2-4    Spider: Lair:2-4
    Orc: D:9-12

Altars:
Ashenzari
Cheibriados
Dithmenos
Elyvilon
Fedhas
Gozag
Hepliaklqana
Kikubaaqudgha
Makhleb
Nemelex Xobeh
Okawaru
Qazlal
Ru
Sif Muna
Trog
Uskayaw
Vehumet
Wu Jian
Xom
Yredelemnul
Zin
The Shining One

Shops:
D:11 :

Annotations:
D:5 1 runed translucent door, Crazy Yiuf
D:9 2 transporters, benadryl's ghost, novice TrHu


Innate Abilities, Weirdness & Mutations

Your serpentine skin is tough. (AC +4)
You have supernaturally acute eyesight. (SInv)
Armour fits poorly on your strangely shaped body.
Your system is resistant to poisons. (rPois)
You cover ground very slowly.
You can spit poison.
You can use your snake-like lower body to constrict enemies.


Message History

Okay, then.
Aiming: Corrosive Bolt
Press: ? - help, Shift-Dir - straight line, f - wyvern, p - seven-headed hydra
Aim: a wyvern (severely wounded, 71% to hit)
The bolt of acid hits the seven-headed hydra.
The seven-headed hydra is splashed with acid.
The seven-headed hydra is heavily wounded.
The bolt of acid hits the wyvern!
The wyvern is splashed with acid.
The acid corrodes the wyvern!
You kill the wyvern!
Vehumet accepts your kill.
You feel your power returning.
You hear an angry buzzing noise.
A killer bee comes into view.
A meliai comes into view. It is wielding a +0 war axe.
The seven-headed hydra bites you but does no damage.
The seven-headed hydra bites you.
The seven-headed hydra completely misses you.
The seven-headed hydra bites you but does no damage. x2
The seven-headed hydra bites you!
The seven-headed hydra bites you but does no damage.
You hear an angry hiss.
You take 12 damage, and have 34/94 hp.
Casting: Starburst (dangerous; 12% risk of failure)
Confirm with . or Enter, or press ? or * to list all spells.
Casting: Starburst (dangerous; 12% risk of failure)
Press: ? - help, Dir - look around, f - activate The bolt of fire hits the rime drake!!
The rime drake is heavily wounded.
The bolt of fire hits the seven-headed hydra!!
The seven-headed hydra is almost dead.
You hear a croak.
The rime drake bites you but does no damage.
The rime drake breathes ice at you. The flash freeze hits you!!
You partially resist.
* * * LOW HITPOINT WARNING * * *
You are encased in ice.
The seven-headed hydra bites you but does no damage.
The seven-headed hydra bites you!
You die...

# # .#.# . #...#
#$#######}#.#
#$y@D†y.#.##.##
#.#k###.#.##.... ####
#.......##..... #...
#####..## .≈..##.≈.
##....†## ..#.....
###..#.≈.†### #...#.#
#...........####.†....
####..#..#####...≈.#..
#...##.##...##.≈......


You could see a seven-headed hydra (corroded), a rime drake, a meliai and a
killer bee.

Vanquished Creatures
  A minotaur (Gauntlet)
  A hydra (Lair:1)
  3 boulder beetles
  A two-headed ogre (D:10)
  2 death yaks (Lair:3)
  A cyclops (D:11)
  An ugly thing (D:10)
  A manticore (D:11)
  2 black mambas
  An elephant (Lair:3)
  6 cane toads
  3 komodo dragons
  Psyche (D:9)
  2 rime drakes (Lair:3)
  An efreet (Gauntlet)
  A polar bear (Lair:3)
  A meliai (Lair:3)
  3 trolls
  5 blink frogs (Lair:2)
  3 slime creatures (D:12)
  A shadow (D:10)
  A wraith (D:9)
  8 wyverns
  30 yaks
  2 basilisks (Lair:3)
  2 fire elementals (Gauntlet)
  3 vampire mosquitoes (D:11)
  2 acid dragons
  A hell hound (Gauntlet)
  12 water moccasins
  4 small abominations (Gauntlet)
  A hornet zombie (D:8)
  2 large abominations (Gauntlet)
  2 orc warriors
  4 sky beasts
  4 black bears
  A necrophage (D:4)
  2 ogres
  9 wolves
  3 centaurs
  A phantom (D:6)
  4 kobold brigands
  8 bullfrogs
  A wyvern zombie (D:7)
  2 scorpions
  A wyvern skeleton (D:7)
  18 killer bees
  15 wights
  5 howler monkeys
  2 hounds
  5 centaur zombies
  4 orc priests
  A centaur skeleton (D:4)
  A gnoll shaman (D:7)
  A jelly (D:4)
  2 bullfrog zombies
  2 iguanas
  6 orc wizards
  A killer bee zombie (D:7)
  3 howler monkey zombies
  8 gnolls
  A river rat (Lair:3)
  6 adders
  A white imp (D:8)
  An adder skeleton (D:4)
  2 worms
  A dart slug (D:4)
  30 orcs
  5 ball pythons
  8 endoplasms
  5 giant cockroaches
  12 goblins
  4 hobgoblins
  8 jackals
  25 kobolds
  5 quokkas
  2 bats
  7 frilled lizards
  2 rats
350 creatures vanquished.

Vanquished Creatures (others)
  3 bushes (D:10)
  26 fungi
  41 plants
70 creatures vanquished.

Grand Total: 420 creatures vanquished

Notes
Turn   | Place    | Note
-------+----------+-------------------------------------------
     0 | D:1      | gimp the Naga Earth Elementalist began the quest for the
                  | Orb.
     0 | D:1      | Reached XP level 1. HP: 15/15 MP: 3/3
   114 | D:1      | Reached XP level 2. HP: 22/22 MP: 0/5
   623 | D:1      | Reached XP level 3. HP: 22/28 MP: 4/6
   709 | D:1      | Learned a level 3 spell: Stone Arrow
   717 | D:1      | You fall into a shaft and drop 1 floor!
  1383 | D:2      | Found a broken altar of Ashenzari.
  1520 | D:2      | Reached skill level 1 in Conjurations
  1801 | D:3      | Reached XP level 4. HP: 36/36 MP: 7/7
  1890 | D:3      | Found a large runed translucent door.
  1892 | D:3      | Found a large runed translucent door.
  1903 | D:3      | Noticed a black bear
  1911 | D:3      | Killed a black bear
  1912 | D:3      | Reached XP level 5. HP: 42/42 MP: 3/9
  2678 | D:3      | Found a white marble altar of Elyvilon.
  2686 | D:3      | Found an ornate altar of the Wu Jian Council.
  2686 | D:3      | Noticed a centaur
  2691 | D:3      | Killed a centaur
  2692 | D:3      | Reached skill level 5 in Earth Magic
  2692 | D:3      | Reached XP level 6. HP: 31/49 MP: 8/10
  3058 | D:4      | Noticed a necrophage
  3075 | D:4      | Reached XP level 7. HP: 55/55 MP: 10/12
  3855 | D:4      | Learned a level 2 spell: Searing Ray
  3858 | D:4      | Learned a level 2 spell: Passwall
  3863 | D:4      | Learned a level 4 spell: Petrify
  3873 | D:5      | Entered Level 5 of the Dungeon
  4038 | D:5      | Reached XP level 8. HP: 62/62 MP: 1/14
  4047 | D:5      | Reached skill level 5 in Conjurations
  4207 | D:5      | Found a shadowy altar of Dithmenos.
  4991 | D:5      | Found a runed translucent door.
  4992 | D:5      | Noticed Crazy Yiuf
  5175 | D:6      | Found a staircase to the Ecumenical Temple.
  5185 | D:6      | Identified the +10 plate armour of the Ecumenical Temple
                  | {rElec}
  5194 | Temple   | Entered the Ecumenical Temple
  5254 | Temple   | Became a worshipper of Vehumet
  5522 | D:6      | Reached skill level 5 in Spellcasting
  5708 | D:6      | Identified the +9 rapier "Potyby" {vorpal, Will++}
  5750 | D:6      | Reached XP level 9. HP: 68/68 MP: 9/16
  5859 | D:6      | Found a hide-covered altar of Uskayaw.
  5872 | D:6      | Reached skill level 1 in Short Blades
  6287 | D:6      | Found a shimmering altar of Xom.
  6347 | D:6      | Reached * piety under Vehumet
  6347 | D:6      | Offered knowledge of Shock by Vehumet.
  8377 | D:8      | Offered knowledge of Freeze by Vehumet.
  8378 | D:8      | Reached ** piety under Vehumet
  8767 | D:8      | Reached XP level 10. HP: 61/75 MP: 15/20
  8881 | D:8      | Reached skill level 5 in Transmutations
 10105 | D:9      | Offered knowledge of Static Discharge by Vehumet.
 10213 | D:9      | Identified a scroll of acquirement
 10213 | D:9      | Acquired the +6 barding "Haefayf" {+Blink Regen+ Str+4
                  | Stlth-}
 10379 | D:9      | Found a shimmering blue altar of Sif Muna.
 10411 | D:9      | Noticed Psyche
 10414 | D:9      | Killed Psyche
 10460 | D:9      | Noticed benadryl's ghost (novice TrHu)
 10470 | D:9      | Found a transporter.
 10530 | D:9      | Found a transporter.
 10727 | D:10     | Entered Level 10 of the Dungeon
 10900 | D:10     | Reached *** piety under Vehumet
 11015 | D:10     | Reached XP level 11. HP: 80/81 MP: 2/23
 11150 | D:10     | Found a staircase to the Lair.
 11203 | D:10     | Found a blossoming altar of Fedhas.
 11438 | D:10     | Reached skill level 5 in Short Blades
 11674 | D:10     | Noticed a red ugly thing
 11679 | D:10     | Noticed a two-headed ogre
 11684 | D:10     | Killed a red ugly thing
 11684 | D:10     | Offered knowledge of Ignite Poison by Vehumet.
 11710 | D:10     | Killed a two-headed ogre
 12049 | D:10     | Found a broken altar of Ashenzari.
 12314 | D:11     | Noticed a boulder beetle
 12327 | D:11     | Killed a boulder beetle
 12543 | D:11     | Noticed a manticore
 12550 | D:11     | Killed a manticore
 12902 | D:11     | Noticed a boulder beetle
 13029 | D:11     | Killed a boulder beetle
 13198 | D:11     | Reached **** piety under Vehumet
 13294 | D:11     | Found Natugar's Book Boutique.
 13302 | D:11     | Bought a book of Fire for 572 gold pieces
 13322 | D:11     | Reached skill level 10 in Spellcasting
 13453 | D:11     | Learned a level 5 spell: Fireball
 13534 | D:11     | Offered knowledge of Olgreb's Toxic Radiance by Vehumet.
 13539 | D:11     | Noticed a cyclops
 13552 | D:11     | Killed a cyclops
 13553 | D:11     | Reached XP level 12. HP: 88/88 MP: 8/26
 14406 | D:12     | Reached skill level 1 in Fire Magic
 14527 | Lair:1   | Entered Level 1 of the Lair of Beasts
 14545 | Lair:1   | Found a broken altar of Ashenzari.
 14562 | Lair:1   | Noticed a five-headed hydra
 14593 | Lair:1   | Killed a five-headed hydra
 14594 | Lair:1   | Reached skill level 5 in Stealth
 14643 | Lair:1   | Found a gate leading to a gauntlet.
 14671 | Gauntlet | Entered a Gauntlet
 14671 | Gauntlet | Found a transporter.
 14671 | Gauntlet | Found a runed translucent door.
 14672 | Gauntlet | Found a runed translucent door.
 14678 | Gauntlet | Found a transporter.
 14680 | Gauntlet | Found a transporter.
 14691 | Gauntlet | Found a transporter.
 14694 | Gauntlet | Found a transporter.
 14716 | Gauntlet | Found a transporter.
 14722 | Gauntlet | Found a runed translucent gate.
 14723 | Gauntlet | Found a transporter.
 14723 | Gauntlet | Found a runed translucent gate.
 14724 | Gauntlet | Found a runed translucent gate.
 14731 | Gauntlet | Found a transporter.
 14751 | Gauntlet | Found a transporter.
 14756 | Gauntlet | Found a transporter.
 14763 | Gauntlet | Found a runed translucent door.
 14764 | Gauntlet | Found a transporter.
 14765 | Gauntlet | Found a transporter.
 14765 | Gauntlet | Found a runed translucent door.
 14795 | Gauntlet | Found a transporter.
 14799 | Gauntlet | Found a transporter.
 14871 | Gauntlet | Identified the amulet of Eguf {Spirit rN+ Str-3 Stlth+}
 14911 | Gauntlet | HP: 4/132 [large abomination (8)]
 15049 | Gauntlet | Identified the ring of Ucuar {rPois rC+ Dex+6}
 15062 | Gauntlet | Noticed a minotaur
 15070 | Gauntlet | Killed a minotaur
 15094 | Lair:1   | Learned a level 4 spell: Iskenderun's Mystic Blast
 15509 | Lair:1   | Reached skill level 10 in Conjurations
 15852 | Lair:1   | Learned a level 3 spell: Spider Form
 15859 | Lair:1   | Learned a level 6 spell: Starburst
 16788 | Lair:2   | Noticed a boulder beetle
 16800 | Lair:2   | Killed a boulder beetle
 16801 | Lair:2   | Gained mutation: You can use your snake-like lower body to
                  | constrict enemies. [Naga growth]
 16801 | Lair:2   | Reached XP level 13. HP: 94/94 MP: 19/27
 17055 | Lair:2   | Reached ***** piety under Vehumet
 17397 | Lair:2   | Reached skill level 5 in Fire Magic
 18171 | Lair:3   | Offered knowledge of Eringya's Noxious Bog by Vehumet.
 18475 | Lair:3   | Slain by a seven-headed hydra

Illustrated notes

Levels and vault maps discovered:
D:1:      mrwooster_arrival_statue, layout_rooms, grunt_decor_one_mirror,
          minmay_split_cup_large
D:2:      layout_loops_ring, basic_altar
D:3:      layout_basic, jmf_multi_god_temple2, interstate_on_off,
          hangedman_abyss_or_decor_stabs, kennysheep_pointless_box,
          minmay_misc_feat_diagonals
D:4:      layout_cave_pools
D:5:      layout_gridville, kennysheep_mini_moat, uniq_crazy_yiuf_cottage
D:6:      layout_gridville, overflow_temple_1_default,
          nicolae_uskayaw_murder_on_the_dancefloor,
          minmay_temple_entry_sparse_star
D:7:      layout_basic, chequers_serial_rivers_micro_a
D:8:      layout_gridville, minmay_quadrilaterals
D:9:      layout_rooms, mainiacjoe_overflow_tiny_flanked,
          gammafunk_ghost_stat_death, uniq_psyche
D:10:     layout_stronghold, fedhas_altar_1, mainiacjoe_overflow_alcove_2,
          minmay_lair_entry_grove
D:11:     layout_layer_cave, serial_shops, nicolae_shop_trees, minivault_24,
          serial_park_tiny_2
D:12:     layout_long_grid, erik_orc_2, hellmonk_guarded_unrand_gyre_and_gimble,
          uniq_azrael
Temple:   eino_temple_lava
Lair:1:   layout_small_grid, gauntlet_entry_generic, basic_altar,
          serial_bayou_pond_b, grunt_megastairs_2
Lair:2:   layout_loops_ring, minivault_25, serial_bayou_pond_a
Lair:3:   regret_index_tunnel_blossom, layout_loops_ring, shoals_dummy_entry,
          minmay_lair_oklob_chamber

Skill      XL: |  1  2  3  4  5  6  7  8  9 10 11 12 13 |
---------------+----------------------------------------+-----
Earth Magic    | 4 5 6 8 |  8.0
Conjurations   | 1 2 3 4 6 7 9 10 | 10.5
Spellcasting   | 3 4 5 6 8 10 | 10.9
Short Blades   | 3 4 6 8 9 |  9.5
Transmutations | 4 7 8 |  8.0
Stealth        | 4 7 8 |  8.7
Fire Magic     | 4 5 |  5.9
Dodging        | |  1.5

Action                   |  1- 3 |  4- 6 |  7- 9 | 10-12 | 13-15 || total
-------------------------+-------+-------+-------+-------+-------++-------
Melee: Dagger            |     8 |    15 |    22 |   103 |    60 ||   208
       Rapier            |       |       |    18 |    18 |       ||    36
       Constrict         |       |       |       |       |    11 ||    11
 Cast: Sandblast         |    37 |    24 |     7 |       |       ||    68
       Stone Arrow       |       |     2 |   139 |   231 |    65 ||   437
       Searing Ray       |       |       |     2 |    14 |     3 ||    19
       Petrify           |       |       |       |    28 |       ||    28
       Passwall          |       |       |       |     1 |       ||     1
       Starburst         |       |       |       |       |     3 ||     3
       Iskenderun's Myst |       |       |       |       |     1 ||     1
 Abil: Spit Poison       |    37 |    21 |    14 |     5 |     1 ||    78
Evoke: Wand              |       |       |       |    10 |     3 ||    13
  Use: Scroll            |       |       |    20 |     8 |     1 ||    29
       Potion            |       |       |       |     8 |       ||     8
 Stab: Petrified         |       |       |       |    36 |       ||    36
       Sleeping          |       |       |       |     1 |     1 ||     2
       Petrifying        |       |       |       |     1 |       ||     1
Armor: Robe              |     7 |       |       |       |       ||     7
       Leather armour    |       |    12 |    28 |    98 |    75 ||   213
       Skin              |       |       |       |     2 |       ||     2
Dodge: Dodged            |    15 |     8 |    45 |    72 |    44 ||   184
Block: Other             |       |       |       |    34 |     1 ||    35
